 Dungeon Crawl Stone Soup version 0.28-a0-724-g66f9036eb4 (webtiles) character file.

Game seed: 16543337058499354158

2200 kae the Cleaver (level 9, -27/79 HPs)
             Began as a Hill Orc Cinder Acolyte on Oct 26, 2021.
             Was a High Priest of Ignis.
             Annihilated by a large abomination (37 damage)
             ... on level 1 of the Abyss.
             The game lasted 00:09:09 (11006 turns).

kae the Cleaver (Hill Orc Cinder Acolyte)          Turns: 11006, Time: 00:09:10

Health: -27/79     AC:  3    Str: 18    XL:     9   Next: 34%
Magic:  4/15       EV: 11    Int: 16    God:    Ignis [*****.]
Gold:   331        SH:  0    Dex:  6    Spells: 14/16 levels left

rFire   + . .      SeeInvis .   a - +0 hand axe (flame)
rCold   . . .      Faith    .   (no shield)
rNeg    . . .      Spirit   .   b - +1 robe
rPois   +          Reflect  .   (no helmet)
rElec   .          Harm     .   (no cloak)
rCorr   .          Rampage  .   (no gloves)
Will    .....                   (no boots)
Stlth   +.........              (no amulet)
HPRegen 0.23/turn               j - ring of poison resistance
MPRegen 0.14/turn               (no ring)

@: hasted, very quick
A: no striking features
a: Renounce Religion, Sea of Fire, Foxfire Swarm, Rising Flame


You were on level 1 of the Abyss.
You worshipped Ignis.
Ignis was extremely pleased with you.
You visited 1 branch of the dungeon, and saw 7 of its levels.
You visited the Abyss 1 time.

You collected 331 gold pieces.

Inventory:

Hand Weapons
 a - a +0 hand axe of flaming (weapon)
Armour
 b - a +1 robe (worn)
Jewellery
 j - a ring of poison resistance (left hand)
 k - the ring of Darkness {Ice Str+6 Dex+6}
   (You found it on level 6 of the Dungeon)

   [ring of ice]

   It enhances your ice magic.
   Str:       It affects your strength (+6).
   Dex:       It affects your dexterity (+6).
   rF:        It makes you vulnerable to fire.
   rC:        It protects you from cold.
Scrolls
 f - 3 scrolls of identify
 g - 2 scrolls of amnesia
 m - a scroll of enchant armour
Potions
 c - a potion of magic
 d - 2 potions of degeneration
 h - 2 potions of mutation
 i - 2 potions of attraction


   Skills:
 + Level 7.3 Fighting
 * Level 10.8 Axes
 + Level 4.1 Spellcasting
 + Level 6.8 Fire Magic


You had 14 spell levels left.
You knew the following spells:

 Your Spells              Type           Power      Damage    Failure   Level
a - Scorch                Fire           50%        2d7       1%          2

Your spell library contained the following spells:

 Spells                   Type           Power      Damage    Failure   Level
 Dazzling Flash           Conj/Hex       6%         N/A       45%         3
 Agony                    Necr           3%         N/A       99%         5
 Silence                  Hex/Air        1%         N/A       99%         5
 Chain Lightning          Conj/Air       1%         3d2       100%        9
 Fire Storm               Conj/Fire      7%         8d2       100%        9
 Shatter                  Erth           1%         3d6*      100%        9


Dungeon Overview and Level Annotations

Branches:
Dungeon (7/15)             Temple (0/1) D:5

Altars:
Dithmenos
Hepliaklqana
Qazlal
Xom


Message History

The gnoll hits you from afar with a +1 spear of distortion.
You are cast into the Abyss!
This branch contains the abyssal rune of Zot.
Unknown command.
A large abomination comes into view.
Casting: Scorch (safe; 1% risk of failure)
Confirm with . or Enter, or press ? or * to list all spells.
Flames lash the large abomination but do no damage.
Casting: Scorch (safe; 1% risk of failure)
Confirm with . or Enter, or press ? or * to list all spells.
Flames lash the large abomination but do no damage.
The large abomination barely misses you.
The large abomination hits you!
Casting: Scorch (safe; 1% risk of failure)
Confirm with . or Enter, or press ? or * to list all spells.
Flames lash the large abomination but do no damage.
The large abomination hits you! The large abomination hits you.
The large abomination hits you!!
* * * LOW HITPOINT WARNING * * *
Casting: Scorch (safe; 1% risk of failure)
Confirm with . or Enter, or press ? or * to list all spells.
Flames lash the large abomination.
The large abomination is lightly damaged.
The large abomination's fire resistance burns away.
The large abomination barely misses you.
The large abomination completely misses you.
Casting: Scorch (safe; 1% risk of failure)
Confirm with . or Enter, or press ? or * to list all spells.
You don't have enough magic to cast this spell.
You are too injured to fight recklessly!
You are too injured to fight recklessly!
The large abomination is no longer more vulnerable to fire.
The large abomination closely misses you.
The large abomination hits you.
* * * LOW HITPOINT WARNING * * *
The large abomination barely misses you.
The large abomination barely misses you.
Okay, then.
You feel yourself speed up. The large abomination hits you!!!
You die...

## # ### #.#
#.###.# ...#
#..@#.##...#
#..##.X.#....# #
###....#.##
##...#.....#
###...#####..#
#...#.#.#....##
#.. ..#...# . #
...#..#. ..#...#
.#..#.###..##..#


You could see a large abomination.

Vanquished Creatures
  Sigmund (D:4)
  A yak (D:5)
  A wraith (D:5)
  2 black bears (D:6)
  2 necrophages (D:6)
  A centaur (D:6)
  A phantom (D:6)
  5 scorpions
  3 crimson imps (D:4)
  3 centaur zombies (D:6)
  A bullfrog zombie (D:5)
  3 orc priests
  2 hounds
  A centaur skeleton (D:4)
  A gnoll shaman (D:6)
  3 jellies
  Natasha (thrice) (D:4)
  3 iguanas (D:5)
  2 orc wizards (D:6)
  A killer bee zombie (D:6)
  6 gnolls
  6 adders
  2 ufetubi
  An adder skeleton (D:4)
  2 worms
  A dart slug (D:2)
  20 orcs
  5 ball pythons
  6 endoplasms
  3 giant cockroaches (D:1)
  9 hobgoblins
  6 jackals (D:2)
  10 kobolds
  A quokka (D:2)
  9 bats
  2 frilled lizards (D:1)
  6 goblins
  2 rats
137 creatures vanquished.

Vanquished Creatures (others)
  6 plants
6 creatures vanquished.

Grand Total: 143 creatures vanquished

Notes
Turn   | Place    | Note
-------+----------+-------------------------------------------
     0 | D:1      | kae the Hill Orc Cinder Acolyte began the quest for the
                  | Orb.
     0 | D:1      | Reached XP level 1. HP: 19/19 MP: 2/2
   101 | D:1      | Reached XP level 2. HP: 19/27 MP: 3/3
   380 | D:1      | Learned a level 2 spell: Scorch
   558 | D:1      | Found a faded altar of an unknown god.
   761 | D:1      | Reached XP level 3. HP: 33/33 MP: 1/4
  1643 | D:2      | Reached skill level 5 in Axes
  1643 | D:2      | Reached XP level 4. HP: 36/40 MP: 6/6
  2081 | D:2      | Reached XP level 5. HP: 47/47 MP: 2/7
  3163 | D:3      | Reached skill level 6 in Axes
  3538 | D:3      | Reached XP level 6. HP: 36/55 MP: 0/9
  4280 | D:4      | Noticed Sigmund
  4464 | D:4      | Killed Sigmund
  4465 | D:4      | Reached skill level 5 in Fighting
  4465 | D:4      | Reached skill level 7 in Axes
  4465 | D:4      | Reached XP level 7. HP: 13/61 MP: 1/10
  4956 | D:4      | Found a hazy altar of Hepliaklqana.
  4959 | D:4      | Found a shadowy altar of Dithmenos.
  4959 | D:4      | Noticed a shadow
  4979 | D:4      | Found a shimmering altar of Xom.
  5013 | D:4      | HP: 3/60 [crimson imp (5)]
  5305 | D:4      | Noticed Natasha
  5356 | D:4      | Killed Natasha
  5583 | D:4      | Reached skill level 5 in Fire Magic
  5644 | D:4      | Found a stormy altar of Qazlal.
  5779 | D:4      | Noticed Natasha
  5784 | D:4      | Killed Natasha
  5835 | D:4      | Noticed Natasha
  5846 | D:4      | Killed Natasha
  6416 | D:5      | Entered Level 5 of the Dungeon
  6421 | D:5      | Reached skill level 8 in Axes
  6695 | D:5      | Found a staircase to the Ecumenical Temple.
  6716 | D:5      | Reached XP level 8. HP: 57/70 MP: 7/12
  7683 | D:6      | Noticed a yak
  7689 | D:6      | Noticed a wraith
  7708 | D:5      | HP: 3/70 [yak (16)]
  7710 | D:5      | Killed a yak
  7711 | D:5      | Reached skill level 9 in Axes
  8147 | D:5      | Killed a wraith
  8927 | D:6      | Identified the ring of Darkness {Ice Str+6 Dex+6}
  8956 | D:6      | Reached skill level 10 in Axes
  9207 | D:6      | Reached XP level 9. HP: 55/78 MP: 4/14
 10958 | D:6      | Cast into level 1 of the Abyss (gnoll)
 10977 | Abyss:1  | Noticed a large abomination
 11006 | Abyss:1  | Annihilated by a large abomination

Illustrated notes

Levels and vault maps discovered:
D:1:      lemuel_arrival_lava_pool, layout_basic,
          shapermc_ecumenical_altar_mp_ritualfount, chequers_decorated_corner,
          minmay_tromino_i4
D:2:      layout_basic
D:3:      layout_basic
D:4:      layout_basic, riverfiend_overflow_shadow_ancestor, led_xom_imps,
          nicolae_qazlal_general_emergency, guppyfry_early_lair_pool,
          uniq_sigmund, uniq_natasha
D:5:      layout_basic, minmay_temple_entry_slanted, minmay_misc_feat_iff
D:6:      hangedman_cross_stitches, layout_basic, mainiacjoe_overflow_alcove_2
D:7:      layout_layer_cave, nicolae_gozag_cash_rules_everything_around_me,
          uniq_joseph, uniq_pikel
Abyss:1:  base:
D:5

Skill      XL: |  1  2  3  4  5  6  7  8  9 |
---------------+----------------------------+-----
Fighting       | 4 5 6 7 |  7.3
Axes           | 5 6 7 8 10 | 10.8
Fire Magic     | 4 5 6 |  6.8
Spellcasting   | 2 3 4 |  4.1

Action                   |  1- 3 |  4- 6 |  7- 9 || total
-------------------------+-------+-------+-------++-------
Melee: Hand axe          |    68 |    48 |   124 ||   240
 Cast: Scorch            |    11 |    56 |   134 ||   201
  Use: Scroll            |     4 |     7 |     7 ||    18
       Potion            |       |     1 |     3 ||     4
Armor: Robe              |    26 |    10 |    68 ||   104
       Skin              |       |       |     2 ||     2
Dodge: Dodged            |    37 |    43 |   201 ||   281

Table legend: (Time is in decaauts)
 A = Elapsed time spent in this place.
 B = Non-inter-level travel time spent in this place.
 C = Inter-level travel time spent in this place.
 D = Time resting spent in this place.
 E = Time spent auto-exploring this place.
 F = Levels seen in this place.
 G = Mean time per level.
                   A        B        C        D        E       F      G
               +--------+--------+--------+--------+--------+-----+--------+
         Total |  11040 |  10702 |    338 |   2738 |   6590 |   8 | 1380.0 |
       Dungeon |  10993 |  10655 |    338 |   2738 |   6573 |   7 | 1570.4 |
         Abyss |     47 |     47 |      0 |      0 |     17 |   1 |   47.0 |
               +--------+--------+--------+--------+--------+-----+--------+

Top non-repeatable levels by time:
     D:6: 2281 daAuts
     D:5: 2267 daAuts
     D:3: 2212 daAuts
     D:4: 1741 daAuts
     D:2: 1260 daAuts
     D:1: 1229 daAuts
 Abyss:1: 47 daAuts
     D:7: 1 daAuts
